 Dungeon Crawl Stone Soup version 0.30-a0-57-g8b159a9891 (webtiles) character file.

Game seed: 12922206646121290310

138 Decritt the Trooper (level 5, 0/47 HPs)
             Began as a Hill Orc Fighter on Sept 11, 2022.
             Slain by an orc wizard
             ... wielding a +1 vampiric dagger
              (1 damage)
             ... on level 3 of the Dungeon.
             The game lasted 00:03:24 (1586 turns).

Decritt the Trooper (Hill Orc Fighter)              Turns: 1586, Time: 00:03:24

Health: 0/47       AC:  9    Str: 21    XL:     5   Next: 21%
Magic:  5/5        EV:  7    Int:  8    God:
Gold:   124        SH:  4    Dex: 10    Spells: 4/4 levels left

rFire   . . .      SeeInvis .    a - +0 war axe
rCold   . . .      Faith    .    c - +0 buckler
rNeg    . . .      Spirit   .    e - +0 chain mail
rPois   .          Reflect  .    (no helmet)
rElec   .          Harm     .    (no cloak)
rCorr   .          Rampage  .    (no gloves)
Will    .....                    (no boots)
Stlth   ..........               (no amulet)
HPRegen 0.15/turn                (no ring)
MPRegen 0.09/turn                (no ring)

@: no status effects
A: no striking features
a: no special abilities


You were on level 3 of the Dungeon.
You visited 1 branch of the dungeon, and saw 4 of its levels.

You collected 124 gold pieces.

Inventory:

Hand Weapons
 a - a +0 war axe (weapon)
Armour
 b - a +0 scale mail
 c - a +0 buckler (worn)
 e - a +0 chain mail (worn)
Wands
 m - a wand of flame (18)
Scrolls
 h - 2 scrolls of vulnerability {unknown}
 i - a scroll of magic mapping {unknown}
 k - 2 scrolls of teleportation {unknown}
 l - a scroll of noise {unknown}
Potions
 d - 2 potions of might
 f - 3 potions of lignification {unknown}
 g - a potion of degeneration {unknown}
 j - a potion of heal wounds {unknown}
 n - 2 potions of curing {unknown}


   Skills:
 * Level 4.9 Fighting
 * Level 4.5 Axes
 + Level 3.9 Armour
 + Level 3.9 Shields


You had 4 spell levels left.
You didn't know any spells.
Your spell library contained the following spells:

 Spells                   Type           Power      Damage    Failure   Level
 Beastly Appendage        Tmut           0%         N/A       99%         1
 Portal Projectile        Hex/Tloc       0%         N/A       100%        3
 Tukima's Dance           Hex            0%         N/A       100%        3
 Blade Hands              Tmut           0%         N/A       100%        5


Dungeon Overview and Level Annotations

Branches:
Dungeon (4/15)
 Temple: D:4-7

Altars:

Shops:
D:1 *


Message History

The endoplasm freezes you.
You are frozen.
* * * LOW HITPOINT WARNING * * *
The orc hits you from afar with a +0 trident.
* * * LOW HITPOINT WARNING * * *
You hit something but do no damage. You hit the endoplasm.
You completely miss the orc. Something hits you but does no damage.
The orc hits you but does no damage.
The endoplasm hits you but does no damage.
The orc hits you but does no damage.
You barely miss something. You hit the endoplasm.
You kill the endoplasm!
You barely miss the orc. Something hits you but does no damage.
The orc barely misses you.
The orc hits you from afar with a +0 trident.
* * * LOW HITPOINT WARNING * * *
The orc hits you from afar with a +0 trident.
* * * LOW HITPOINT WARNING * * *
Something hits you.
* * * LOW HITPOINT WARNING * * *
The orc hits you but does no damage.
You hit something but do no damage. You barely miss the orc.
Something hits you.
* * * LOW HITPOINT WARNING * * *
The orc barely misses you. The orc hits you but does no damage.
You barely miss something. You barely miss the orc. Something hits you.
* * * LOW HITPOINT WARNING * * *
The orc hits you but does no damage. The orc closely misses you.
Unknown command.
You hit something. You slash the orc!
You kill the orc!
Something hits you but does no damage. The orc hits you but does no damage.
You hear some strange, mumbled words.
A magic dart appears from out of thin air!
The magic dart hits you.
* * * LOW HITPOINT WARNING * * *
The orc barely misses you.
Okay, then.
Something hits you.
You die...

#...... ...#
#........
.......##.#.#
........
#....#.....#
#......
#..........#
#.....!....#
#..........#
#....#).o..#
#... #.....#
###
#..@..######
#..........#
#........#.
#....<...#
#........#
#........#
#........#
#..........
#........###


You could see an orc.

Vanquished Creatures
  4 adders (D:2)
  4 gnolls (D:3)
  A worm (D:2)
  An orc (D:3)
  5 bats
  7 endoplasms
  A giant cockroach (D:1)
  4 goblins
  5 hobgoblins
  4 jackals (D:1)
  2 quokkas
  6 ball pythons
  3 frilled lizards
  5 kobolds (D:1)
  7 rats
59 creatures vanquished.

Vanquished Creatures (others)
  A fungus (D:1)
1 creature vanquished.

Grand Total: 60 creatures vanquished

Notes
Turn   | Place    | Note
-------+----------+-------------------------------------------
     0 | D:1      | Decritt the Hill Orc Fighter began the quest for the Orb.
     0 | D:1      | Reached XP level 1. HP: 19/19 MP: 1/1
    90 | D:1      | Found a faded altar of an unknown god.
    99 | D:1      | Got Plato's Spellbook of Transmigration
   124 | D:1      | Found Teene's Assorted Antiques.
   159 | D:1      | Reached XP level 2. HP: 27/27 MP: 2/2
   467 | D:1      | Reached XP level 3. HP: 30/33 MP: 3/3
   876 | D:2      | Reached XP level 4. HP: 31/41 MP: 4/4
  1113 | D:2      | You fall into a shaft and drop 2 floors!
  1167 | D:3      | Reached XP level 5. HP: 13/47 MP: 5/5
  1584 | D:3      | HP: 1/47 [something/magic dart (3)]
  1586 | D:3      | Slain by an orc wizard

Illustrated notes

Levels and vault maps discovered:
D:1:      nicolae_arrival_memento_mori, layout_basic,
          shapermc_ecumenical_altar_rom_forum, serial_shops, shop,
          minmay_quantized
D:2:      layout_rooms, st_stairs_13
D:3:      layout_rooms, slow_altar_1, nemelex_dance_club_becter, serial_shops,
          nicolae_shop_stone, nicolae_shop_behind_doors
D:4:      layout_cave_pools, mainiacjoe_overflow_swirl, uniq_menkaure

Skill      XL: |  1  2  3  4 |
---------------+-------------+-----
Axes           | 3 4 |  4.5
Fighting       | 4 |  4.9
Armour         | |  3.9
Shields        | |  3.9

Action                   |  1- 3 |  4- 6 || total
-------------------------+-------+-------++-------
Melee: War axe           |    90 |    57 ||   147
Armor: Chain mail        |    69 |    55 ||   124
Dodge: Dodged            |    35 |    32 ||    67
Block: Buckler           |    25 |    15 ||    40

Table legend: (Time is in decaauts)
 A = Elapsed time spent in this place.
 B = Non-inter-level travel time spent in this place.
 C = Inter-level travel time spent in this place.
 D = Time resting spent in this place.
 E = Time spent auto-exploring this place.
 F = Levels seen in this place.
 G = Mean time per level.
                   A        B        C        D        E       F      G
               +--------+--------+--------+--------+--------+-----+--------+
         Total |   1638 |   1600 |     38 |    214 |   1016 |   4 |  409.5 |
       Dungeon |   1638 |   1600 |     38 |    214 |   1016 |   4 |  409.5 |
               +--------+--------+--------+--------+--------+-----+--------+

Top non-repeatable levels by time:
     D:1: 836 daAuts
     D:2: 708 daAuts
     D:3: 87 daAuts
     D:4: 5 daAuts
